 Dungeon Crawl Stone Soup version 0.30-a0-965-g42e074c17a (webtiles) character file.

Game seed: 17336647865819024581

1343 DeathPants the Sneak (level 8, 0/42 HPs)
             Began as a Vine Stalker Necromancer on Mar 30, 2023.
             Slain by an orc warrior
             ... wielding a +0 great sword
              (20 damage)
             ... on level 6 of the Dungeon.
             The game lasted 00:12:39 (3785 turns).

DeathPants the Sneak (Vine Stalker Necromancer)     Turns: 3785, Time: 00:12:40

Health: 0/42       AC:  6    Str: 11    XL:     8   Next: 62%
Magic:  0/17       EV: 12    Int: 15    God:
Gold:   136        SH:  0    Dex: 17    Spells: 9/18 levels left

rFire   . . .      SeeInvis .    a - +2 dagger (venom)
rCold   . . .      Faith    .    (no shield)
rNeg    . . .      Spirit   +    i - +0 robe
rPois   .          Reflect  .    s - +0 helmet
rElec   .          Rampage  .    w - +0 cloak
rCorr   .                        (no gloves)
Will    +....                    t - +1 pair of boots
Stlth   ++++                     k - amulet of regeneration
HPRegen 1.87/turn                j - ring of flight
MPRegen 0.15/turn                (no ring)

@: flying, invisible
A: fangs 3, regeneration 1, magic shield, antimagic bite, no potion heal 2
a: no special abilities


You were on level 6 of the Dungeon.
You visited 1 branch of the dungeon, and saw 6 of its levels.

You collected 248 gold pieces.
You spent 112 gold pieces at shops.

Inventory:

Hand Weapons
 a - a +2 dagger of venom (weapon)
 b - a +0 rapier
Missiles
 u - 4 javelins
 v - 8 poisoned darts
Armour
 i - a +0 robe (worn)
 s - a +0 helmet (worn)
 t - a +1 pair of boots (worn)
 w - a +0 cloak (worn)
Jewellery
 j - a ring of flight (left hand)
 k - an amulet of regeneration (around neck)
Scrolls
 f - 4 scrolls of teleportation
 r - a scroll of magic mapping
Potions
 c - a potion of brilliance {unknown}
 d - a potion of lignification
 e - 2 potions of might {unknown}
 g - 4 potions of curing {unknown}
 h - 2 potions of mutation {unknown}
 l - 4 potions of magic
 m - 2 potions of attraction {unknown}
 o - a potion of heal wounds {unknown}
 p - 2 potions of haste {unknown}


   Skills:
 + Level 4.4 Fighting
 - Level 1.5 Dodging
 + Level 7.0 Stealth
 + Level 5.5 Spellcasting
 + Level 6.5 Necromancy


You had 9 spell levels left.
You knew the following spells:

 Your Spells              Type           Power      Damage    Failure   Level
a - Necrotise             Necr           92%        1d8       1%          1
b - Vampiric Draining     Necr           23%        2d7       3%          3
c - Agony                 Necr           23%        N/A       28%         5

Your spell library contained the following spells:

 Spells                   Type           Power      Damage    Failure   Level
 Cigotuvi's Dreadful Rot  Necr/Pois/Air  20%        N/A       10%         2
 Animate Dead             Necr           23%        N/A       11%         4
 Poisonous Vapours        Pois/Air       8%         N/A       24%         2
 Mephitic Cloud           Conj/Pois/Air  4%         N/A       43%         3


Dungeon Overview and Level Annotations

Branches:
Dungeon (6/15)
 Temple: D:4-7

Altars:
Ashenzari
Dithmenos
Trog

Shops:
D:3 *([

Annotations:
D:5 Eustachio


Innate Abilities, Weirdness & Mutations

You have razor-sharp teeth.
Your natural rate of healing is unusually fast.
When hurt, damage is shared between your health and your magic reserves.
Your bite disrupts and absorbs the magic of your enemies.
Potions cannot restore your health.


Message History

You draw life force from Blork the orc.
You feel life coursing into your body. Blork the orc hits you with a +0 mace.
The orc warrior closely misses you.
Casting: Vampiric Draining (dangerous; 3% risk of failure)
Confirm with . or Enter, or press ? or * to list all spells.
Aiming: Vampiric Draining (dangerous; 3% risk of failure)
Press: ? - help, Shift-Dir - straight line, f/p - Blork the orc
Aim: Blork the orc, wielding a +0 mace and wearing a +0 robe (severely wounded, extremely poisoned, magic disrupted)
You draw life force from Blork the orc.
You feel life coursing into your body.
You kill Blork the orc!
The orc warrior hits you with a +0 great sword!
Your Stealth skill increases to level 7!
You hit the orc warrior but do no damage.
The orc warrior is poisoned.
The orc warrior hits you with a +0 great sword!
* * * LOW HITPOINT WARNING * * *
Casting: Vampiric Draining (dangerous; 3% risk of failure)
Confirm with . or Enter, or press ? or * to list all spells.
You don't have enough magic to cast this spell.
Unknown command.
You fade into invisibility!
The orc warrior barely misses you.
You hit the orc warrior but do no damage.
Your bite misses the orc warrior.
The orc warrior is lightly wounded.
The orc warrior misses you.
You hit the orc warrior but do no damage.
The orc warrior looks even sicker.
The orc warrior is lightly wounded.
The orc warrior closely misses you.
You strike the helpless orc warrior from behind!
You puncture the orc warrior!
The orc warrior looks as sick as possible!
Your bite misses the orc warrior.
The orc warrior is heavily wounded.
The orc warrior misses you.
You hit the orc warrior.
The orc warrior looks as sick as possible!
The orc warrior is severely wounded.
The orc warrior hits you with a +0 great sword!!
You die...

#.. #..#####
# #..#... #
#.#..>..
#..♣.P...####
#♣~~~♣..##.#
♣~~~~~.....#
..~.~~~..†#.#
...~~~.~.#@o#
..~~≈~~~.#.)#
..~.≈≈.~.#..#
..P~~~~..#..#
.♣~~.~.~.#..#
#~~~~~~.#.##
.P.~.♣.#.#
#.#


You could see an orc warrior (unable to see you, extremely poisoned).

Vanquished Creatures
  Pikel (D:4)
  2 water moccasins (D:6)
  An orc warrior (D:5)
  2 lemures (D:4)
  A phantom (D:5)
  Blork the orc (D:6)
  A scorpion (D:4)
  An electric eel (D:6)
  2 hounds
  A jelly (D:4)
  Ijyb (D:3)
  An iguana (D:4)
  4 gnolls (D:5)
  6 adders
  An ufetubus (D:5)
  A worm (D:2)
  2 dart slugs
  3 orcs
  7 ball pythons
  5 bats
  2 endoplasms (D:1)
  A giant cockroach (D:1)
  13 goblins
  6 hobgoblins
  2 jackals (D:1)
  7 kobolds
  4 quokkas
  2 frilled lizards
  6 rats
87 creatures vanquished.

Vanquished Creatures (collateral kills)
  A hobgoblin (D:3)
1 creature vanquished.

Vanquished Creatures (others)
  4 plants (D:6)
4 creatures vanquished.

Grand Total: 92 creatures vanquished

Notes
Turn   | Place    | Note
-------+----------+-------------------------------------------
     0 | D:1      | DeathPants the Vine Stalker Necromancer began the quest for
                  | the Orb.
     0 | D:1      | Reached XP level 1. HP: 9/9 MP: 4/4
   288 | D:1      | Reached XP level 2. HP: 14/14 MP: 3/6
   590 | D:1      | Reached skill level 1 in Fighting
   590 | D:1      | Reached skill level 3 in Stealth
   590 | D:1      | Reached XP level 3. HP: 18/18 MP: 5/7
   994 | D:3      | Found Picer's Antique Weapon Shoppe.
  1674 | D:3      | Noticed Ijyb
  1697 | D:3      | Killed Ijyb
  1698 | D:3      | Gained mutation: Your natural rate of healing is unusually
                  | fast. [Vine Stalker growth]
  1698 | D:3      | Reached XP level 4. HP: 19/22 MP: 4/9
  1895 | D:3      | Found Eshezom's Antique Armour Shoppe.
  1906 | D:3      | Bought a cloak for 112 gold pieces
  1968 | D:3      | Found a faded altar of an unknown god.
  2022 | D:3      | Found Hyhib's General Store.
  2041 | D:3      | Found a shadowy altar of Dithmenos.
  2115 | D:3      | Reached XP level 5. HP: 26/26 MP: 10/10
  2124 | D:3      | Reached skill level 4 in Stealth
  2563 | D:5      | Entered Level 5 of the Dungeon
  2808 | D:5      | Found a broken altar of Ashenzari.
  2994 | D:4      | Reached XP level 6. HP: 30/30 MP: 10/12
  3041 | D:5      | Noticed Pikel
  3088 | D:4      | Killed Pikel
  3089 | D:4      | Reached skill level 5 in Stealth
  3089 | D:4      | Reached skill level 5 in Necromancy
  3089 | D:4      | Reached XP level 7. HP: 36/36 MP: 5/14
  3247 | D:4      | Found a bloodstained altar of Trog.
  3453 | D:5      | Reached skill level 6 in Stealth
  3496 | D:5      | Gained mutation: You have razor-sharp teeth. [Vine Stalker
                  | growth]
  3496 | D:5      | Reached XP level 8. HP: 42/42 MP: 14/16
  3553 | D:5      | Learned a level 3 spell: Vampiric Draining
  3559 | D:5      | Learned a level 5 spell: Agony
  3674 | D:5      | Noticed Eustachio
  3676 | D:5      | Found the +11 plutonium sword {Contam Stlth-}
  3677 | D:5      | Noticed Blork the orc
  3681 | D:5      | Reached skill level 5 in Spellcasting
  3779 | D:6      | Killed Blork the orc
  3780 | D:6      | Reached skill level 7 in Stealth
  3785 | D:6      | Slain by an orc warrior

Illustrated notes

Levels and vault maps discovered:
D:1:      ncdulo_halloftheorcs, layout_basic
D:2:      layout_basic
D:3:      cheibrodos_greedy_goblins, layout_basic,
          nicolae_dithmenos_through_a_glass_darkly, serial_shops,
          nicolae_diamond_shop, shop_fountains, nicolae_shop_statue_plus,
          ebering_ecumenical_altar_abandoned, grunt_ministairs_5, uniq_ijyb
D:4:      layout_loops_ring, mainiacjoe_overflow_24_doors,
          kennysheep_decorative_pillar
D:5:      layout_rooms, ashenzari_conservatory_becter,
          lemuel_mausoleum_altar_kikubaaqudgha, zin_treasury,
          lemuel_coloured_pillars_altar, sword_in_stone, uniq_pikel
D:6:      layout_basic, marbit_many_paths, minmay_temple_entry_nine_rooms,
          serial_bayou, serial_bayou_lagoon_a, serial_bayou_pond_b,
          serial_bayou_pond_b, serial_bayou_lake_a, uniq_duvessa, uniq_edmund

Skill      XL: |  1  2  3  4  5  6  7  8 |
---------------+-------------------------+-----
Fighting       | 1 2 3 4 |  4.4
Stealth        | 3 4 5 6 7 |  7.0
Spellcasting   | 3 4 5 |  5.5
Necromancy     | 5 6 |  6.5
Dodging        | |  1.5

Action                     |  1- 3 |  4- 6 |  7- 9 || total
---------------------------+-------+-------+-------++-------
  Melee: Dagger            |    65 |   118 |    94 ||   277
         Bite              |    14 |    25 |    32 ||    71
         Punch             |     1 |     2 |     2 ||     5
  Throw: Javelin           |       |     1 |       ||     1
   Cast: Necrotise         |    15 |     4 |     5 ||    24
         Vampiric Draining |       |       |     2 ||     2
    Use: Scroll            |     1 |     4 |       ||     5
         Potion            |       |     2 |     1 ||     3
   Stab: Sleeping          |     4 |     5 |     3 ||    12
         Invisible         |       |     4 |     1 ||     5
 Armour: Robe              |     8 |    26 |    25 ||    59
         Skin              |       |    12 |       ||    12
  Dodge: Dodged            |    48 |    58 |    71 ||   177

Table legend: (Time is in decaauts)
 A = Elapsed time spent in this place.
 B = Non-inter-level travel time spent in this place.
 C = Inter-level travel time spent in this place.
 D = Time resting spent in this place.
 E = Time spent auto-exploring this place.
 F = Levels seen in this place.
 G = Mean time per level.
                   A        B        C        D        E       F      G
               +--------+--------+--------+--------+--------+-----+--------+
         Total |   3790 |   3688 |    102 |    226 |   2311 |   6 |  631.7 |
       Dungeon |   3790 |   3688 |    102 |    226 |   2311 |   6 |  631.7 |
               +--------+--------+--------+--------+--------+-----+--------+

Top non-repeatable levels by time:
     D:4: 918 daAuts
     D:1: 897 daAuts
     D:3: 820 daAuts
     D:2: 741 daAuts
     D:5: 320 daAuts
     D:6: 93 daAuts
